 Dungeon Crawl Stone Soup version 0.28-a0-895-g6e5f11bd55 (webtiles) character file.

Game seed: 15300043591545554145

676 oldriver the Magician (level 7, -8/50 HPs)
             Began as a Djinni Conjurer on Nov 22, 2021.
             Killed from afar by Pikel (10 damage)
             ... with an iceblast
             ... on level 4 of the Dungeon.
             The game lasted 00:10:32 (5909 turns).

oldriver the Magician (Djinni Conjurer)             Turns: 5909, Time: 00:10:33

Health: -8/50      AC:  3    Str:  6    XL:     7   Next: 91%
Gold:   158        EV: 12    Int: 21    God:
                   SH:  0    Dex: 12

rFire   + + .      SeeInvis .   (no weapon)
rCold   x . .      Faith    .   (no shield)
rNeg    . . .      Spirit   .   a - +0 robe
rPois   ∞          Reflect  .   h - +1 hat
rElec   .          Harm     .   m - scarf {shadows}
rCorr   .          Rampage  .   (no gloves)
Will    .....                   (boots unavailable)
Stlth   ++........              (no amulet)
HPRegen 0.16/turn               (no ring)
MPRegen 0.00/turn               (no ring)

@: flying
A: sickness immunity, fire resistance 2, cold vulnerability 1, float, innate
caster, hp casting, extra vitality 1
a: no special abilities


You were on level 4 of the Dungeon.
You visited 1 branch of the dungeon, and saw 4 of its levels.
You also visited: Sewer.

You collected 158 gold pieces.

Inventory:

Armour
 a - a +0 robe (worn)
 h - a +1 hat (worn)
 m - a scarf of shadows (worn)
Jewellery
 o - a ring of fire
Scrolls
 f - a scroll of identify {unknown}
 g - 2 scrolls of teleportation {unknown}
 j - a scroll of amnesia {unknown}
Potions
 b - a potion of invisibility
 c - 2 potions of magic {unknown}
 e - 3 potions of flight
 k - a potion of brilliance {unknown}
 l - a potion of lignification {unknown}
 n - a potion of mutation {unknown}


   Skills:
 * Level 3.4 Fighting
 - Level 2.1 Dodging
 - Level 1.5 Stealth
 + Level 6.4 Spellcasting


You couldn't memorise any spells.
You knew the following spells:

 Your Spells              Type           Power      Damage    Failure   Level
a - Magic Dart            Conj           100%       1d8       1%          1
b - Searing Ray           Conj           66%        2d6       1%          2
c - Dazzling Flash        Conj/Hex       66%        N/A       1%          3
d - Fulminant Prism       Conj/Hex       16%        3d11      7%          4
e - Iskenderun's Mystic   Conj/Tloc      33%        2d8       7%          4
f - Beastly Appendage     Tmut           66%        N/A       1%          1
g - Ensorcelled Hibernat  Hex/Ice        66%        N/A       1%          2
h - Frozen Ramparts       Ice            66%        1d8       1%          3
Your spell library was empty.

Dungeon Overview and Level Annotations

Branches:
Dungeon (4/15)              Sewer (visited)
 Temple: D:4-7

Altars:
Yredelemnul

Annotations:
D:4 Pikel


Innate Abilities, Weirdness & Mutations

You are immune to sickness and miasma.
You are immune to poison.
Your flesh is very heat resistant. (rF++)
You are vulnerable to cold. (rC-)
You float through the air rather than walking.
You learn spells naturally, not from books.
Your magical power is your life essence.
You have superior vitality. (+4 HP)


Message History

The blast of energy engulfs Pikel.
Pikel is lightly wounded.
A lemure comes into view.
Casting: Magic Dart (safe; 1% risk of failure)
Confirm with . or Enter, or press ? or * to list all spells.
You can't see any susceptible monsters within range! (Use Z to cast anyway.)
Casting: Magic Dart (safe; 1% risk of failure)
Confirm with . or Enter, or press ? or * to list all spells.
Aiming: Magic Dart (safe; 1% risk of failure)
Press: ? - help, Shift-Dir - straight line, f - Pikel
Aim: Pikel, wielding a +0 whip of freezing, wearing a +0 robe and carrying a wand of iceblast (7) (lightly wounded, 100% to hit)
The magic dart hits Pikel.
Pikel is moderately wounded.
Pikel zaps a wand.
The mass of ice explodes!
The iceblast engulfs you!!
You feel a painful chill!
Casting: Magic Dart (safe; 1% risk of failure)
Confirm with . or Enter, or press ? or * to list all spells.
Aiming: Magic Dart (safe; 1% risk of failure)
Press: ? - help, Shift-Dir - straight line, f/p - Pikel
Aim: Pikel, wielding a +0 whip of freezing, wearing a +0 robe and carrying a wand of iceblast (6) (moderately wounded, 100% to hit)
The magic dart hits Pikel but does no damage.
Pikel is moderately wounded.
* * * LOW HITPOINT WARNING * * *
Pikel zaps a wand.
The mass of ice explodes!
The iceblast engulfs you!
You feel a painful chill!
* * * LOW HITPOINT WARNING * * *
A lemure comes into view.
Okay, then.
Casting: Magic Dart (safe; 1% risk of failure)
Confirm with . or Enter, or press ? or * to list all spells.
Aiming: Searing Ray (safe; 1% risk of failure)
Press: ? - help, Shift-Dir - straight line, f/p - Pikel
Aim: Pikel, wielding a +0 whip of freezing, wearing a +0 robe and carrying a wand of iceblast (5) (moderately wounded, 76% to hit)
The searing ray hits Pikel!
Pikel is heavily wounded. (Press . to maintain the ray.)
* * * LOW HITPOINT WARNING * * *
Pikel zaps a wand.
The mass of ice explodes!
The iceblast engulfs you!
You feel a painful chill!
You die...

#.# #.# #.# #.#
#.# #.# #@# #.#
#######.#
#.5K..K.####
#5#####....#
#<.†).....#.#.##
.....#.###.#.#.#
.###.#.# #.#.# .
#.# #.#.#


You could see Pikel.

Vanquished Creatures
  Sigmund (D:2)
  An ogre (D:4)
  A hornet zombie (D:4)
  A necrophage (D:4)
  A kobold brigand (Sewer)
  4 gnolls (D:2)
  5 adders
  A worm (D:2)
  2 dart slugs
  2 orcs
  6 ball pythons
  5 endoplasms
  8 giant cockroaches
  4 goblins
  9 hobgoblins
  8 jackals
  7 kobolds
  6 quokkas
  8 bats
  3 frilled lizards
  10 rats
  A fulminant prism (D:4)
94 creatures vanquished.

Vanquished Creatures (others)
  2 fulminant prisms (D:4)
2 creatures vanquished.

Grand Total: 96 creatures vanquished

Notes
Turn   | Place    | Note
-------+----------+-------------------------------------------
     0 | D:1      | oldriver the Djinni Conjurer began the quest for the Orb.
     0 | D:1      | Reached XP level 1. HP: 15/15 MP: 0/0
   252 | D:1      | Reached XP level 2. HP: 13/22 MP: 0/0
  1144 | D:1      | Reached XP level 3. HP: 20/26 MP: 0/0
  1144 | D:1      | Learned a level 1 spell: Beastly Appendage
  1226 | D:1      | Reached skill level 1 in Fighting
  2026 | D:2      | Reached skill level 4 in Spellcasting
  2026 | D:2      | Reached XP level 4. HP: 28/32 MP: 0/0
  2449 | D:2      | Noticed Sigmund
  3095 | D:2      | Reached XP level 5. HP: 27/38 MP: 0/0
  3095 | D:2      | Learned a level 2 spell: Ensorcelled Hibernation
  3331 | D:2      | Killed Sigmund
  3332 | D:2      | Reached skill level 5 in Spellcasting
  3332 | D:2      | Reached XP level 6. HP: 28/45 MP: 0/0
  4072 | D:3      | Found a glowing drain.
  4095 | Sewer    | Entered a sewer
  4289 | Sewer    | Reached XP level 7. HP: 35/49 MP: 0/0
  4289 | Sewer    | Learned a level 3 spell: Frozen Ramparts
  4421 | Sewer    | Found a white marble altar of Elyvilon.
  5233 | D:4      | Found a basalt altar of Yredelemnul.
  5251 | D:4      | Reached skill level 6 in Spellcasting
  5897 | D:4      | Noticed Pikel
  5909 | D:4      | Killed from afar by Pikel

Illustrated notes

Levels and vault maps discovered:
D:1:      ebering_trefoil_twist, layout_loops_corners, minivault_5
D:2:      layout_loops_cross, nicolae_underground_beach, uniq_sigmund
D:3:      layout_loops_ring, gup_sewer_entry_pipe, minmay_box_of_dots
D:4:      layout_basic, mainiacjoe_overflow_six_doors_small,
          mainiacjoe_overflow_paths, dk_noncrumbling_2, uniq_pikel

Skill      XL: |  1  2  3  4  5  6  7 |
---------------+----------------------+-----
Fighting       | 1 2 3 |  3.4
Spellcasting   | 4 5 6 |  6.4
Dodging        | |  2.1
Stealth        | |  1.5

Action                   |  1- 3 |  4- 6 |  7- 9 || total
-------------------------+-------+-------+-------++-------
Melee: Unarmed           |       |     2 |       ||     2
 Cast: Magic Dart        |    69 |    82 |    26 ||   177
       Searing Ray       |       |    17 |    10 ||    27
       Fulminant Prism   |       |       |     3 ||     3
       Frozen Ramparts   |       |       |     3 ||     3
       Ensorcelled Hiber |       |       |     1 ||     1
  Use: Potion            |       |     3 |     3 ||     6
       Scroll            |       |     2 |       ||     2
Armor: Robe              |     2 |    24 |     1 ||    27
Dodge: Dodged            |     8 |    54 |    12 ||    74

Table legend: (Time is in decaauts)
 A = Elapsed time spent in this place.
 B = Non-inter-level travel time spent in this place.
 C = Inter-level travel time spent in this place.
 D = Time resting spent in this place.
 E = Time spent auto-exploring this place.
 F = Levels seen in this place.
 G = Mean time per level.
                   A        B        C        D        E       F      G
               +--------+--------+--------+--------+--------+-----+--------+
         Total |   5911 |   5729 |    182 |   2096 |   2960 |   5 | 1182.2 |
       Dungeon |   5549 |   5367 |    182 |   1897 |   2878 |   4 | 1387.2 |
         Sewer |    361 |    361 |      0 |    199 |     82 |   1 |  361.0 |
               +--------+--------+--------+--------+--------+-----+--------+

Top non-repeatable levels by time:
     D:1: 2301 daAuts
     D:2: 1663 daAuts
     D:3: 867 daAuts
     D:4: 717 daAuts
   Sewer: 361 daAuts
